 Dungeon Crawl Stone Soup version 0.19-a0-1111-gcceb26a (webtiles) character file.

1222 redmage the Carver (level 8, -3/73 HPs)
             Began as a Minotaur Fighter on Aug 10, 2016.
             Was a Priest of Okawaru.
             Slain by an ogre
             ... wielding a +0 giant club
              (15 damage)
             ... on level 7 of the Dungeon.
             The game lasted 00:15:58 (1220 turns).

redmage the Carver (Minotaur Fighter)               Turns: 1220, Time: 00:15:59

Health: -3/73      AC: 11    Str: 20    XL:     8   Next: 23%
Magic:  18/18      EV:  3    Int:  5    God:    Okawaru [***...]
Gold:   89         SH:  9    Dex: 13    Spells: 0 memorised, 7 levels left

rFire  . . .     SeeInvis .     e - +8 whip "Maokovei" {freeze, +Fly MP+9}
rCold  . . .     Gourm    .     m - +0 plate armour
rNeg   . . .     Faith    .     c - +0 shield
rPois  .         Spirit   .     (helmet restricted)
rElec  .         Dismiss  +     (no cloak)
rCorr  .         Reflect  .     (no gloves)
SustAt .         Harm     .     (no boots)
MR     .....                    p - amulet of dismissal
Stlth  ..........               (no ring)
                                (no ring)

@:
A: retaliatory headbutt, horns 2
a: Heroism, Renounce Religion, Evoke Flight


You were on level 7 of the Dungeon.
You worshipped Okawaru.
Okawaru was most pleased with you.
You were not hungry.

You visited 2 branches of the dungeon, and saw 10 of its levels.

You collected 89 gold pieces.

Inventory:

Hand Weapons
 a - a +0 scimitar
 e - the +8 whip "Maokovei" (weapon) {freeze, +Fly MP+9}
   (You found it on level 5 of the Dungeon)

   It has been specially enchanted to freeze those struck by it, causing extra
   injury to most foes and up to half again as much damage against particularly
   susceptible opponents.
   It can also slow down cold-blooded creatures.
   It affects your magic capacity (+9).
   It lets you fly.
 q - a +1 whip of electrocution
Missiles
 h - 5 javelins (quivered)
Armour
 b - a +1 scale mail
 c - a +0 shield (worn)
 m - a +0 plate armour (worn)
Jewellery
 p - an amulet of dismissal (around neck)
Scrolls
 g - a scroll of immolation
 n - a scroll of magic mapping
Potions
 d - a potion of might
 i - a potion of magic
 l - 3 potions of curing {unknown}
Comestibles
 f - 3 bread rations
 j - 2 meat rations
 k - 2 chunks of flesh


   Skills:
 + Level 7.3 Fighting
 * Level 9.3 Long Blades
 - Level 3.6 Armour
 - Level 3.6 Shields
 - Level 3.1 Invocations


You had 7 spell levels left.
You didn't know any spells.

Dungeon Overview and Level Annotations

Branches:
Dungeon (9/15)             Temple (1/1) D:5
   Lair: D:8-11         Orc: D:9-12

Altars:
Gozag
Kikubaaqudgha
Makhleb
Okawaru
Qazlal
Ru
Trog
Uskayaw
Zin
The Shining One

Shops:
D:7 [   D:9 [


Innate Abilities, Weirdness & Mutations

You reflexively headbutt those who attack you in melee.
You have a pair of horns on your head.


Message History

You kill the adder!
Okawaru accepts your kill.
An ogre comes into view. It is wielding a giant club.
The ogre shouts!
Throwing (i - inventory):
h - 6 javelins (quivered)
Press: ? - help, Shift-Dir - straight line, f - ogre
Aim: an ogre, wielding a giant club You throw a javelin.
The javelin barely misses the ogre.
You hit the ogre. You freeze the ogre.
The ogre is lightly wounded.
The ogre hits you with a giant club.
* * * LOW HITPOINT WARNING * * *
You whack the ogre! You freeze the ogre.
The ogre is moderately wounded.
The ogre hits you with a giant club.
* * * LOW HITPOINT WARNING * * *
You whack the ogre! You freeze the ogre.
The ogre is almost dead.
The ogre hits you with a giant club!
You die...

#. #.##.. .#. ..... #
..# ..#.# #. ..# #.#.#
###.# #..#
#.#.###.##...# ...###
#............. .....
###.......#.....###..#
.....###...# ##@O†.(#
###..# #.###.###†##
#..# ####.#...##.#
#..# #...........#
#..# #.######.####
#.)# ##.## .#
#..###...# .#
#<.....†.# S#
##.##....## .#


You could see an ogre.

Vanquished Creatures
  Pikel (D:5)
  A steam dragon (D:7)
  An orc warrior (D:8)
  2 centaurs
  A giant frog (D:8)
  A scorpion (D:5)
  2 hounds (D:7)
  5 worker ants
  A hound skeleton (D:6)
  6 adders
  An adder zombie (D:5)
  A worm (D:1)
  A dart slug (D:2)
  A giant gecko (D:2)
  2 orcs (D:8)
  2 bats
  3 giant cockroaches
  2 goblins
  5 hobgoblins
  A quokka (D:2)
  A giant gecko skeleton (D:8)
  2 giant newts
  5 rats
48 creatures vanquished.

Notes
Turn   | Place    | Note
-------+----------+-------------------------------------------
     0 | D:1      | redmage the Minotaur Fighter began the quest for the Orb.
     0 | D:1      | Reached XP level 1. HP: 19/19 MP: 0/0
    63 | D:1      | Reached skill level 3 in Long Blades
    70 | D:1      | Reached XP level 2. HP: 16/27 MP: 1/1
   114 | D:2      | Reached XP level 3. HP: 16/33 MP: 2/2
   128 | D:2      | Found an iron altar of Okawaru.
   143 | D:2      | Became a worshipper of Warmaster Okawaru
   240 | D:1      | Reached skill level 4 in Long Blades
   418 | D:5      | Entered Level 5 of the Dungeon
   473 | D:4      | Reached XP level 4. HP: 30/41 MP: 3/3
   546 | D:5      | Found an ancient bone altar of Kikubaaqudgha.
   549 | D:5      | Found a staircase to the Ecumenical Temple.
   550 | D:5      | Noticed Pikel
   550 | D:5      | Noticed a slave
   551 | D:5      | Noticed a slave
   551 | D:5      | Noticed a slave
   578 | D:5      | Killed Pikel
   578 | D:5      | Reached * piety under Okawaru
   578 | D:5      | Reached ** piety under Okawaru
   578 | D:5      | Reached skill level 5 in Fighting
   578 | D:5      | Reached skill level 6 in Long Blades
   578 | D:5      | Reached XP level 5. HP: 5/50 MP: 3/6
   578 | D:5      | Reached XP level 6. HP: 6/57 MP: 3/7
   578 | D:5      | Reached XP level 7. HP: 7/62 MP: 3/8
   607 | Temple   | Entered the Ecumenical Temple
   708 | D:6      | Reached skill level 7 in Long Blades
   760 | D:4      | HP: 3/63 [poisoned by a scorpion]
   766 | D:5      | HP: 2/63 [poisoned by a scorpion]
   774 | D:5      | HP: 1/63 [poisoned by a scorpion]
   781 | D:5      | Got a brightly glowing whip
   782 | D:5      | Identified the +8 whip "Maokovei" {freeze, +Fly MP+9} (You found it on level 5 of the Dungeon)
   782 | D:5      | HP: 1/63 [poisoned by a scorpion]
   929 | D:7      | Found Qaik Daw's Antique Armour Shop.
  1038 | D:9      | Found Vurec's Specialty Armours.
  1046 | D:9      | Reached *** piety under Okawaru
  1046 | D:9      | Reached skill level 8 in Long Blades
  1068 | D:8      | Found a stormy altar of Qazlal.
  1134 | D:7      | Found a hide-covered altar of Uskayaw.
  1163 | D:7      | Reached XP level 8. HP: 30/71 MP: 9/9
  1198 | D:7      | Reached skill level 9 in Long Blades
  1220 | D:7      | Slain by an ogre

Vault maps used:
D:1:      minmay_arrival_shattered_statue, hex_large
D:2:      nicolae_overflow_crystal_walls, tgw_fedhas
D:3:      old_standard_altar, old_standard_altar, led_sif_book
D:4:      minmay_wonky_spiral, first_bread
D:5:      kiku_gazebo_pond_becter, minmay_misc_feat_more_columns, uniq_pikel
D:6:      nicolae_overflow_hidden_temple, grunt_ministairs_1
D:7:      evilmike_ruin_ashenzari, kennysheep_little_box, serial_shops,
          nicolae_shop_crystal
D:8:      nicolae_whirlpool, overflow_temple_1_default, grunt_ogre_cave
D:9:      elyvilon_altar_5, erik_lair_orcish_takeover,
          hangedman_abyss_or_decor_passed, nicolae_barding_shop, uniq_gastronok,
          uniq_erolcha, uniq_grum
Temple:   hc_temple_tempest_star

Skill      XL: |  1  2  3  4  5  6  7  8 |
---------------+-------------------------+-----
Long Blades    | 3 4 6 8 9 |  9.3
Fighting       | 4 5 6 7 |  7.3
Invocations    | 3 |  3.1
Armour         | |  3.6
Shields        | |  3.6

Action                   |  1- 3 |  4- 6 |  7- 9 || total
-------------------------+-------+-------+-------++-------
Melee: Long sword        |    75 |    13 |    14 ||   102
       Headbutt          |     8 |     2 |    11 ||    21
       Whip              |       |       |    65 ||    65
Throw: Javelin           |       |     3 |     1 ||     4
Invok: Heroism           |       |       |     1 ||     1
  Use: Scroll            |       |       |     6 ||     6
       Potion            |       |       |     3 ||     3
  Eat: Chunk             |       |       |     2 ||     2
Armor: Scale mail        |    27 |       |    20 ||    47
       Plate armour      |       |       |    20 ||    20
Dodge: Dodged            |    23 |     2 |    21 ||    46
Block: Shield            |    26 |     6 |    45 ||    77
